 Dungeon Crawl Stone Soup version 0.27-a0-1196-g3e9cee4cb2 (webtiles) character file.

Game seed: 6558255559130191102

62 pokeman the Magician (level 3, -1/20 HPs)
             Began as a Deep Elf Hedge Wizard on May 29, 2021.
             Hit by a goblin thrown by Robin (2 damage)
             ... on level 2 of the Dungeon.
             The game lasted 00:03:23 (1882 turns).

pokeman the Magician (Deep Elf Hedge Wizard)        Turns: 1882, Time: 00:03:23

Health: -1/20      AC:  3    Str:  7    XL:     3   Next: 85%
Magic:  1/11       EV: 15    Int: 19    God:
Gold:   65         SH:  0    Dex: 14    Spells: 1/12 levels left

rFire    . . .     SeeInvis .   a - +0 dagger
rCold    . . .     Faith    .   (no shield)
rNeg     . . .     Spirit   .   e - +0 leather armour
rPois    .         Reflect  .   c - +0 hat
rElec    .         Harm     .   (no cloak)
rCorr    .         Rampage  .   (no gloves)
Will     .....                  (no boots)
Stlth    ++........             (no amulet)
HPRegen  0.06/turn              f - +4 ring of evasion
MPRegen  0.12/turn              (no ring)

@: no status effects
A: no striking features
a: no special abilities


You were on level 2 of the Dungeon.
You visited 1 branch of the dungeon, and saw 2 of its levels.

You collected 65 gold pieces.

Inventory:

Hand Weapons
 a - a +0 dagger (weapon)
Armour
 c - a +0 hat (worn)
 e - a +0 leather armour (worn)
Jewellery
 f - a +4 ring of evasion (left hand)
Scrolls
 b - a scroll of silence {unknown}
 d - 2 scrolls of identify {unknown}
 h - a scroll of magic mapping {unknown}
Potions
 g - a potion of cancellation {unknown}
 i - a potion of mutation {unknown}


   Skills:
 - Level 1.0 Fighting
 - Level 1.0 Armour
 + Level 2.4 Dodging
 - Level 2.4 Stealth
 * Level 5.4 Spellcasting
 + Level 2.0 Conjurations
 - Level 1.1 Summonings
 - Level 1.1 Translocations
 + Level 0.2 Air Magic


You had one spell level left.
You knew the following spells:

 Your Spells              Type           Power      Damage    Failure   Level
a - Magic Dart            Conj           52%        1d5       8%          1
b - Mephitic Cloud        Conj/Pois/Air  8%         N/A       36%         3
c - Call Imp              Summ           9%         N/A       17%         2
d - Blink                 Tloc           N/A        N/A       17%         2
e - Conjure Flame         Conj/Fire      9%         6-21      34%         3

Your spell library contained the following spells:

 Spells                   Type           Power      Damage    Failure   Level
 Slow                     Hex            5%         N/A       26%         2


Dungeon Overview and Level Annotations

Branches:
Dungeon (2/15)

Altars:

Annotations:
D:2 Robin


Message History

You miscast Mephitic Cloud.
You are very lightly contaminated with residual magic.
Nothing appears to happen.
The hobgoblin hits you.
Robin roars a battlecry!
Unknown command.
Robin throws the goblin at you! The hobgoblin closely misses you.
You barely miss the goblin. The goblin barely misses you.
The hobgoblin barely misses you.
You hit the goblin.
The goblin is moderately wounded.
The goblin barely misses you. The hobgoblin hits you.
Casting: Mephitic Cloud (potentially lethal; 36% risk of failure)
Confirm with . or Enter, or press ? or * to list all spells.
Aiming: Magic Dart (safe; 8% risk of failure)
Press: ? - help, Shift-Dir - straight line, f - goblin, p - Robin
Aim: a goblin, wielding a +0 club (moderately wounded, strong, 100% to hit)
The magic dart hits the goblin.
The goblin is heavily wounded.
The goblin barely misses you. The hobgoblin completely misses you.
You barely miss the goblin.
The goblin is heavily wounded.
The goblin hits you but does no damage. The hobgoblin closely misses you.
Your magical contamination has completely faded away.
You hit the goblin but do no damage.
The goblin is heavily wounded.
The goblin hits you with a +0 club.
* * * LOW HITPOINT WARNING * * *
The hobgoblin hits you.
* * * LOW HITPOINT WARNING * * *
Unknown command.
You hit the goblin.
The goblin is severely wounded.
The goblin hits you with a +0 club.
* * * LOW HITPOINT WARNING * * *
The hobgoblin misses you.
Unknown command.
You hit the goblin.
You kill the goblin!
Robin throws the goblin at you!
You die...

.#.g.....
##.._..#####....
.'g......
##...^...##......
##.......
##..†###...##....#
#....... ##...##
##...#...##
#.##...(. #...####
##....### .# #...#
#......# #...## #
#+## ##.#####
#...# # #.# #g#
###.# ######.# #@#
#.# #.().).## #g#
#.# ..###...## #.#
#.# #.# #.)..# #g#
#.#
..###.).########.#
#..
#......g....g....#
#.################
..# ###


You could see Robin, a hobgoblin (strong) and a goblin (strong).

Vanquished Creatures
  3 adders (D:2)
  3 ball pythons
  2 bats
  An endoplasm (D:1)
  6 giant cockroaches (D:1)
  9 goblins
  2 hobgoblins (D:1)
  A quokka (D:1)
  4 frilled lizards (D:1)
  2 kobolds
  2 rats
35 creatures vanquished.

Notes
Turn   | Place    | Note
-------+----------+-------------------------------------------
     0 | D:1      | pokeman the Deep Elf Hedge Wizard began the quest for the
                  | Orb.
     0 | D:1      | Reached XP level 1. HP: 10/10 MP: 7/7
   182 | D:1      | Reached XP level 2. HP: 14/15 MP: 2/9
  1131 | D:1      | Reached skill level 5 in Spellcasting
  1332 | D:2      | Reached XP level 3. HP: 20/20 MP: 6/11
  1337 | D:2      | Learned a level 3 spell: Mephitic Cloud
  1340 | D:2      | Learned a level 2 spell: Call Imp
  1343 | D:2      | Learned a level 2 spell: Blink
  1347 | D:2      | Learned a level 3 spell: Conjure Flame
  1497 | D:2      | Found a faded altar of an unknown god.
  1662 | D:2      | Reached skill level 1 in Fighting
  1662 | D:2      | Reached skill level 1 in Armour
  1809 | D:2      | Noticed Robin
  1881 | D:2      | HP: 1/20 [goblin/+0 club[Robin] (3)]
  1882 | D:2      | Hit by a goblin thrown by Robin

Illustrated notes

Levels and vault maps discovered:
D:1:      wander_arrival_lonely_grave, layout_rooms, minmay_worlds_worst_comb
D:2:      layout_loops_corners, hellmonk_ecumenical_altar_crossroads, uniq_robin

Skill      XL: |  1  2  3 |
---------------+----------+-----
Spellcasting   | 5 |  5.4
Fighting       | 1 |  1.0
Armour         | 1 |  1.0
Conjurations   | 2 |  2.0
Dodging        | |  2.4
Stealth        | |  2.4
Summonings     | |  1.1
Translocations | |  1.1
Air Magic      | |  0.2

Action                   || total
-------------------------++-------
Melee: Dagger            ||    11
 Cast: Magic Dart        ||    85
       Call Imp          ||     1
 Stab: Sleeping          ||     2
Armor: Robe              ||     1
       Leather armour    ||     6
Dodge: Dodged            ||    33

Table legend: (Time is in decaauts)
 A = Elapsed time spent in this place.
 B = Non-inter-level travel time spent in this place.
 C = Inter-level travel time spent in this place.
 D = Time resting spent in this place.
 E = Time spent auto-exploring this place.
 F = Levels seen in this place.
 G = Mean time per level.
                   A        B        C        D        E       F      G
               +--------+--------+--------+--------+--------+-----+--------+
         Total |   1881 |   1870 |     11 |      0 |   1633 |   2 |  940.5 |
       Dungeon |   1881 |   1870 |     11 |      0 |   1633 |   2 |  940.5 |
               +--------+--------+--------+--------+--------+-----+--------+

Top non-repeatable levels by time:
     D:1: 1317 daAuts
     D:2: 563 daAuts
